 Dungeon Crawl Stone Soup version 0.29-a0-1027-gcd8c55af63 (webtiles) character file.

Game seed: 15030431162659127118

54 wingedge the Ogre Mage (level 3, -1/35 HPs)
             Began as an Ogre Hedge Wizard on Aug 12, 2022.
             Was an Initiate of Gozag.
             Slain by an orc priest
             ... wielding a +0 mace
              (3 damage)
             ... on level 3 of the Dungeon.
             The game lasted 00:07:25 (2779 turns).

wingedge the Ogre Mage (Ogre Hedge Wizard)          Turns: 2779, Time: 00:07:25

Health: -1/35      AC:  3    Str: 14    XL:     3   Next: 91%
Magic:  3/8        EV:  9    Int: 17    God:    Gozag
Gold:   96         SH:  0    Dex:  8    Spells: 4/10 levels left

rFire   . . .      SeeInvis .   j - +0 spear
rCold   . . .      Faith    .   (no shield)
rNeg    . . .      Spirit   .   b - +0 robe
rPois   .          Reflect  .   c - +0 hat
rElec   .          Harm     .   (no cloak)
rCorr   .          Rampage  .   (gloves unavailable)
Will    .....                   (boots unavailable)
Stlth   ++........              (no amulet)
HPRegen 0.11/turn               (no ring)
MPRegen 0.11/turn               (no ring)

@: very slightly contaminated
A: large, unfitting armour, tough skin 1
a: Renounce Religion, Potion Petition, Call Merchant, Bribe Branch


You were on level 3 of the Dungeon.
You worshipped Gozag.
Gozag was noncommittal.
You visited 1 branch of the dungeon, and saw 3 of its levels.

You collected 194 gold pieces.
You spent 70 gold pieces at shops.
You paid 28 gold pieces to Gozag.

Inventory:

Hand Weapons
 a - a +0 dagger
 j - a +0 spear (weapon)
Armour
 b - a +0 robe (worn)
 c - a +0 hat (worn)
Magical Staves
 q - a staff of death
Jewellery
 p - a ring of ice
Scrolls
 e - 4 scrolls of identify {unknown}
 f - a scroll of enchant armour {unknown}
 h - 2 scrolls of magic mapping {unknown}
 l - 4 scrolls of teleportation {unknown}
 n - a scroll of fear {unknown}
 o - a scroll of poison {unknown}
Potions
 d - 2 potions of magic
 g - a potion of cancellation {unknown}
 i - a potion of curing {unknown}
 k - a potion of invisibility
 m - a potion of heal wounds
 r - a potion of degeneration {unknown}


   Skills:
 - Level 2.0 Fighting
 - Level 2.0 Dodging
 - Level 2.0 Stealth
 - Level 4.0 Spellcasting
 - Level 1.0 Conjurations
 - Level 1.0 Hexes
 + Level 1.2 Summonings
 - Level 1.0 Translocations


You had 4 spell levels left.
You knew the following spells:

 Your Spells              Type           Power      Damage    Failure   Level
a - Magic Dart            Conj           24%        1d4       11%         1
b - Slow                  Hex            24%        N/A       11%         1
c - Blink                 Tloc           12%        N/A       16%         2
d - Call Imp              Summ           7%         N/A       14%         2

Your spell library contained the following spells:

 Spells                   Type           Power      Damage    Failure   Level
 Gell's Gravitas          Tloc           6%         N/A       30%         3
 Teleport Other           Tloc           6%         N/A       30%         3
 Conjure Flame            Conj/Fire      5%         6-21      36%         3
 Mephitic Cloud           Conj/Pois/Air  4%         N/A       38%         3
 Dispersal                Tloc           3%         N/A       100%        6


Dungeon Overview and Level Annotations

Branches:
Dungeon (3/15)

Altars:
Gozag

Shops:
D:2 *[   D:3 *


Innate Abilities, Weirdness & Mutations

You are too large for most types of armour.
You have tough skin. (AC +1)


Message History

The orc priest mumbles some strange prayers to Beogh against you.
You barely resist.
Reach: j) +0 spear
Press: ? - help, Dir - move target, f - orc priest
Aim: an orc priest, wielding a +0 mace and wearing a +0 ring mail (unable to see you, about 39% to evade your +0 spear)
You catch the helpless orc priest completely off-guard!
You hit the orc priest.
The orc priest is lightly wounded.
The orc priest hits you with a +0 mace.
You hit the orc priest.
The orc priest is moderately wounded.
The orc priest barely misses you.
You hit the orc priest.
The orc priest is heavily wounded.
The orc priest hits you with a +0 mace!
* * * LOW HITPOINT WARNING * * *
You barely miss the orc priest.
The orc priest is heavily wounded.
The orc priest barely misses you.
The orc priest is distracted by your dazzling golden aura.
Reach: j) +0 spear
Press: ? - help, Dir - move target, f/p - orc priest
Aim: an orc priest, wielding a +0 mace and wearing a +0 ring mail (heavily wounded, unaware, unable to see you, hasn't noticed you, about 39% to evade your +0 spear)
You reach to attack!
You closely miss the orc priest.
The orc priest is no longer distracted by gold.
The orc priest shouts!
The orc priest is heavily wounded.
You flicker for a moment.
Reach: j) +0 spear
Press: ? - help, Dir - move target, f/p - orc priest
Aim: an orc priest, wielding a +0 mace and wearing a +0 ring mail (heavily wounded, unable to see you, about 39% to evade your +0 spear)
You hit the orc priest but do no damage.
The orc priest is heavily wounded.
The orc priest hits you with a +0 mace!
* * * LOW HITPOINT WARNING * * *
You flicker back into view.
The orc priest attacks as you move away!
The orc priest hits you with a +0 mace.
You die...
Your body crumbles into a pile of gold.

...# #.# #......###.# o# ##.#
#.# #..........# .# ##.######.#
##.....#### o## ..........#
#.....# ...
.#.#####..#########.#########
o.# #...............#
#.#........ ...
.#.#####..#####.###.#.########.#
.#...............##o.........$.#
.#..#####.#.....@o...>##########
..).# ##.#.#.#..###..# .##.#
#..#.#.#....#..# ^##.#
##.##.....#..#..#########
.##.###......#.###............#
.#.......##.....#.)#..#######.#
##..####.##.#.#....#..# #.#
##..# #..##.#.##.#.#..## #.#
##..# #.###.#.##.#.#...#### #.#


You could see an orc priest and an orc.

Vanquished Creatures
  An adder (D:3)
  A worm (D:2)
  2 orcs (D:3)
  4 ball pythons
  2 bats
  5 endoplasms
  3 giant cockroaches (D:1)
  A goblin (D:3)
  2 hobgoblins (D:1)
  3 frilled lizards
  4 kobolds
  5 rats
33 creatures vanquished.

Vanquished Creatures (collateral kills)
  A worm (D:3)
  A goblin (D:3)
2 creatures vanquished.

Grand Total: 35 creatures vanquished

Notes
Turn   | Place    | Note
-------+----------+-------------------------------------------
     0 | D:1      | wingedge the Ogre Hedge Wizard began the quest for the Orb.
     0 | D:1      | Reached XP level 1. HP: 16/16 MP: 5/5
    47 | D:1      | Learned a level 1 spell: Slow
   141 | D:1      | Reached skill level 1 in Conjurations
   276 | D:1      | Reached skill level 1 in Summonings
   276 | D:1      | Reached skill level 1 in Translocations
   380 | D:1      | Found a faded altar of an unknown god.
   422 | D:1      | Reached XP level 2. HP: 26/26 MP: 0/6
   843 | D:1      | Reached skill level 1 in Fighting
  1310 | D:2      | Reached XP level 3. HP: 33/33 MP: 1/8
  1510 | D:2      | Found Boirres's General Store.
  1519 | D:2      | Bought a potion of heal wounds for 70 gold pieces
  1615 | D:2      | Found an opulent altar of Gozag.
  1652 | D:2      | Became a worshipper of Gozag Ym Sagoz the Greedy
  1758 | D:2      | Reached skill level 1 in Hexes
  1836 | D:2      | Found Tyahe's Antique Armour Shop.
  2231 | D:3      | Found Bourigga's Assorted Antiques.
  2264 | D:3      | Reached skill level 4 in Spellcasting
  2272 | D:3      | Learned a level 2 spell: Blink
  2275 | D:3      | Learned a level 2 spell: Call Imp
  2779 | D:3      | Slain by an orc priest

Illustrated notes

Levels and vault maps discovered:
D:1:      evilmike_arrival_rings, layout_loops_cross,
          ebering_ecumenical_altar_petrified, minmay_misc_feat_tiny,
          lemuel_old_faithful
D:2:      layout_basic, basic_altar, serial_shops,
          nicolae_shop_competitors_out_of_business, nicolae_shop_hallway_stairs
D:3:      layout_loops_ring, lemuel_crystal_altar, serial_shops, shop,
          minmay_fractal_squares_diagonal_5

Skill      XL: |  1  2  3 |
---------------+----------+-----
Conjurations   | 1 |  1.0
Summonings     | 1 |  1.2
Translocations | 1 |  1.0
Dodging        | 2 |  2.0
Fighting       | 1 2 |  2.0
Hexes          | 1 |  1.0
Spellcasting   | 4 |  4.0
Stealth        | 2 |  2.0

Action                   || total
-------------------------++-------
Melee: Dagger            ||     2
       Spear             ||    41
 Cast: Magic Dart        ||    78
       Slow              ||     6
       Call Imp          ||     4
  Use: Potion            ||     1
 Stab: Invisible         ||     1
Armor: Robe              ||    18
Dodge: Dodged            ||     7

Table legend: (Time is in decaauts)
 A = Elapsed time spent in this place.
 B = Non-inter-level travel time spent in this place.
 C = Inter-level travel time spent in this place.
 D = Time resting spent in this place.
 E = Time spent auto-exploring this place.
 F = Levels seen in this place.
 G = Mean time per level.
                   A        B        C        D        E       F      G
               +--------+--------+--------+--------+--------+-----+--------+
         Total |   2782 |   2682 |    100 |    303 |   2015 |   3 |  927.3 |
       Dungeon |   2782 |   2682 |    100 |    303 |   2015 |   3 |  927.3 |
               +--------+--------+--------+--------+--------+-----+--------+

Top non-repeatable levels by time:
     D:1: 1127 daAuts
     D:2: 1053 daAuts
     D:3: 601 daAuts
